 Dungeon Crawl Stone Soup version 0.29-a0-542-g075992c915 (webtiles) character file.

Game seed: 17715264258789826070

420 Nedwor the Chopper (level 6, -1/84 HPs)
             Began as a Minotaur Berserker on June 3, 2022.
             Was a Priest of Trog.
             Slain by a wyvern (10 damage)
             ... on level 4 of the Dungeon.
             The game lasted 00:05:35 (3458 turns).

Nedwor the Chopper (Minotaur Berserker)             Turns: 3458, Time: 00:05:35

Health: -1/84      AC: 12    Str: 24    XL:     6   Next: 62%
Magic:  5/5        EV: 11    Int:  8    God:    Trog [***...]
Gold:   239        SH:  0    Dex:  9    Spells: 5/5 levels left

rFire   . . .      SeeInvis .   a - +0 hand axe
rCold   . . .      Faith    .   (no shield)
rNeg    . . .      Spirit   .   u - +3 scale mail "Eprey" {Int+4}
rPois   .          Reflect  .   (helmet restricted)
rElec   .          Harm     .   o - +1 cloak
rCorr   .          Rampage  .   (no gloves)
Will    .....                   (no boots)
Stlth   ..........              (no amulet)
HPRegen 0.24/turn               (no ring)
MPRegen 0.09/turn               (no ring)

@: berserking, very quick
A: horns 2, retaliatory headbutt
a: Renounce Religion, Berserk, Trog's Hand


You were on level 4 of the Dungeon.
You worshipped Trog.
Trog was most pleased with you.
You visited 1 branch of the dungeon, and saw 4 of its levels.

You collected 239 gold pieces.

Inventory:

Hand Weapons
 a - a +0 hand axe (weapon)
Armour
 o - a +1 cloak (worn)
 u - the +3 scale mail "Eprey" (worn) {Int+4}
   (You found it on level 3 of the Dungeon)

   Int:       It affects your intelligence (+4).
Wands
 t - a wand of iceblast (7)
Scrolls
 c - a scroll of blinking {unknown}
 e - a scroll of amnesia {unknown}
 g - a scroll of fear {unknown}
 h - a scroll of noise {unknown}
 l - a scroll of enchant armour {unknown}
 m - 2 scrolls of identify {unknown}
 n - a scroll of teleportation {unknown}
 q - a scroll of enchant weapon {unknown}
 r - 2 scrolls of acquirement {unknown}
 s - a scroll of vulnerability {unknown}
Potions
 b - a potion of ambrosia {unknown}
 d - 3 potions of curing {unknown}
 f - a potion of heal wounds {unknown}
 i - 2 potions of might {unknown}
 j - a potion of lignification {unknown}
 k - a potion of invisibility
 p - a potion of cancellation {unknown}
 v - a potion of attraction {unknown}


   Skills:
 + Level 5.2 Fighting
 * Level 6.4 Axes
 + Level 4.3 Armour
 + Level 3.9 Dodging


You had 5 spell levels left.
You didn't know any spells.
Your spell library was empty.

Dungeon Overview and Level Annotations

Branches:
Dungeon (4/15)
 Temple: D:4-7

Altars:
Ashenzari
Nemelex Xobeh


Innate Abilities, Weirdness & Mutations

You have a pair of horns on your head.
You reflexively headbutt those who attack you in melee.


Message History

You kill the kobold!
Trog accepts your kill.
You hit the wyvern.
The wyvern is lightly wounded.
The wyvern closely misses you.
You hit the wyvern.
The wyvern is lightly wounded.
The wyvern bites you! x2
You barely miss the wyvern.
The wyvern is lightly wounded.
You hit the ball python. The ball python barely misses you.
The ball python grabs you. The ball python constricts you.
The wyvern bites you!
You closely miss the ball python. Your headbutt misses the ball python.
The ball python is moderately wounded.
You closely miss the wyvern.
The wyvern bites you but does no damage.
The ball python bites you but does no damage.
The ball python constricts you.
The wyvern bites you but does no damage.
The ball python closely misses you. The ball python constricts you.
You escape the ball python's grasp.
The wyvern bites you!
The wyvern bites you but does no damage.
The ball python attacks as you move away!
The ball python barely misses you. The wyvern attacks as you move away!
The wyvern bites you!
* * * LOW HITPOINT WARNING * * *
The wyvern barely misses you.
The wyvern bites you but does no damage.
There is an open door here.
A red film seems to cover your vision as you go berserk!
You feel yourself moving faster!
You feel mighty! The wyvern completely misses you. You furiously retaliate!
You headbutt the wyvern! The wyvern bites you!
* * * LOW HITPOINT WARNING * * *
You slash the wyvern! Your headbutt misses the wyvern.
The wyvern is almost dead.
The wyvern bites you!
You die...

###### #######
#....####.....#
#....#.@lS....#
#....'..#.....#
#....####.....#
...# #....#
#.....# #..#
#....# #.)...#
#..#######....#
#.....#
.....#...#....#
#.......
.....#...#....#
#.........
.....#...'....#
##+###....


You could see a wyvern and a ball python.

Vanquished Creatures
  3 orc priests
  A hound (D:3)
  An iguana (D:4)
  A scorpion zombie (D:4)
  An orc wizard (D:3)
  2 hound zombies (D:4)
  8 adders
  2 adder zombies (D:4)
  4 worms
  3 dart slugs
  13 orcs
  9 bats
  3 endoplasms
  6 giant cockroaches
  4 goblins
  4 hobgoblins
  2 jackals (D:1)
  8 quokkas
  7 ball pythons
  11 frilled lizards
  4 kobolds
  A quokka skeleton (D:4)
  5 rats
  A bush (D:2)
104 creatures vanquished.

Vanquished Creatures (others)
  6 plants (D:2)
  2 withered plants (D:4)
8 creatures vanquished.

Grand Total: 112 creatures vanquished

Notes
Turn   | Place    | Note
-------+----------+-------------------------------------------
     0 | D:1      | Nedwor the Minotaur Berserker began the quest for the Orb.
     0 | D:1      | Reached XP level 1. HP: 19/19 MP: 0/0
   113 | D:1      | Reached XP level 2. HP: 27/27 MP: 1/1
   194 | D:1      | Reached skill level 4 in Axes
   201 | D:1      | Found a faded altar of an unknown god.
   334 | D:1      | Reached XP level 3. HP: 30/33 MP: 2/2
   412 | D:1      | Reached ** piety under Trog
   843 | D:2      | Found a broken altar of Ashenzari.
  1066 | D:2      | Reached XP level 4. HP: 40/40 MP: 3/3
  1292 | D:2      | Reached skill level 5 in Axes
  2186 | D:3      | Reached XP level 5. HP: 43/47 MP: 4/4
  2400 | D:3      | Reached *** piety under Trog
  2523 | D:3      | Identified the +3 scale mail "Eprey" {Int+4}
  2577 | D:3      | Found a broken altar of Ashenzari.
  2655 | D:3      | Found a faded altar of an unknown god.
  2660 | D:3      | Found a sparkling altar of Nemelex Xobeh.
  2761 | D:4      | Reached XP level 6. HP: 55/55 MP: 5/5
  2764 | D:4      | Reached skill level 6 in Axes
  2804 | D:4      | Reached skill level 5 in Fighting
  3445 | D:4      | Noticed a wyvern
  3458 | D:4      | Slain by a wyvern

Illustrated notes

Levels and vault maps discovered:
D:1:      dpeg_arrival_tiny_c, layout_basic, chequers_ecumenical_altar_simple
D:2:      cheibrodos_pilgrimage, layout_basic, basic_altar, interstate_on_off,
          minmay_hedge_maze, minmay_lizard_king
D:3:      layout_rooms, lemuel_tele_altar, nicolae_overflow_ecumenical_swirl
D:4:      layout_gridville, mainiacjoe_overflow_alcove_3, serial_undead,
          serial_undead_c, serial_undead_c, serial_undead_e, serial_undead_b

Skill      XL: |  1  2  3  4  5  6 |
---------------+-------------------+-----
Axes           | 4 5 6 |  6.4
Fighting       | 4 5 |  5.2
Armour         | 3 4 |  4.3
Dodging        | 3 |  3.9

Action                   |  1- 3 |  4- 6 || total
-------------------------+-------+-------++-------
Melee: Hand axe          |    65 |   197 ||   262
       Headbutt          |     8 |    29 ||    37
Invok: Berserk           |     2 |     6 ||     8
Armor: Animal skin       |    14 |       ||    14
       Ring mail         |       |    41 ||    41
       Scale mail        |       |    23 ||    23
Dodge: Dodged            |    47 |    88 ||   135

Table legend: (Time is in decaauts)
 A = Elapsed time spent in this place.
 B = Non-inter-level travel time spent in this place.
 C = Inter-level travel time spent in this place.
 D = Time resting spent in this place.
 E = Time spent auto-exploring this place.
 F = Levels seen in this place.
 G = Mean time per level.
                   A        B        C        D        E       F      G
               +--------+--------+--------+--------+--------+-----+--------+
         Total |   3523 |   3454 |     69 |    626 |   2100 |   4 |  880.8 |
       Dungeon |   3523 |   3454 |     69 |    626 |   2100 |   4 |  880.8 |
               +--------+--------+--------+--------+--------+-----+--------+

Top non-repeatable levels by time:
     D:2: 1420 daAuts
     D:1: 780 daAuts
     D:4: 740 daAuts
     D:3: 582 daAuts
